 Dungeon Crawl Stone Soup version 0.23-a0-295-g2e428d4 (webtiles) character file.

97930 varaam the Arsonist (level 15, 0/91 HPs)
             Began as a Deep Elf Fire Elementalist on Oct 3, 2018.
             Was a High Priest of Vehumet.
             Slain by a brown very ugly thing (12 damage)
             ... on level 1 of the Swamp on Oct 4, 2018.
             The game lasted 02:52:25 (35008 turns).

varaam the Arsonist (Deep Elf Fire Elementalist)   Turns: 35008, Time: 02:52:27

Health: 0/91       AC: 19    Str:  8    XL:     15   Next: 73%
Magic:  0/41       EV: 15    Int: 21    God:    Vehumet [*****.]
Gold:   1277       SH:  0    Dex: 15    Spells: 3/36 levels left

rFire    + + .     SeeInvis +   b - +2 whip (elec)
rCold    . . .     Gourm    .   (no shield)
rNeg     . . .     Faith    .   Q - +0 swamp dragon scales
rPois    +         Spirit   .   x - +2 helmet {SInv} {sInv}
rElec    .         Reflect  .   a - +0 cloak
rCorr    .         Harm     .   C - +2 pair of gloves
MR       +....                  O - +2 pair of boots of Impressiveness {rF++ Int-3}
Stlth    +.........             R - amulet of regeneration
HPRegen  0.65/turn              E - +4 ring of protection
MPRegen  0.27/turn              s - ring of magical power {MP+9}

@: corroded
A: no striking features
a: Renounce Religion


You were on level 1 of the Swamp.
You worshipped Vehumet.
Vehumet was extremely pleased with you.
You were not hungry.

You visited 5 branches of the dungeon, and saw 25 of its levels.

You collected 2307 gold pieces.
You spent 1030 gold pieces at shops.

Inventory:

Hand Weapons
 b - a +2 whip of electrocution (weapon)
 o - the cursed +0 longbow of Ycuing {velocity, *Drain *Slow +Inv SInv, unknown}
   (You found it on level 6 of the Lair of Beasts)

   Any arrow fired from it inflicts extra damage.
   It lets you see invisible.
   It lets you turn invisible.
   It causes draining when unequipped.
   It may slow you when you take damage.
   It has a curse placed upon it.
 w - the cursed +2 flail "Igoumeuf" {speed, MR+}
   (You found it on level 3 of the Lair of Beasts)

   Attacks with this weapon are significantly faster.
   It affects your resistance to hostile enchantments.
   It has a curse placed upon it.
Missiles
 F - 24 tomahawks
 L - 4 tomahawks of returning
 X - 18 poisoned javelins (quivered)
Armour
 a - a +0 cloak (worn)
 x - a +2 helmet of see invisible (worn) {sInv}
 z - a +2 troll leather armour {Snorg}
 C - a +2 pair of gloves (worn)
 H - a +2 robe of magic resistance {MR+}
 O - the +2 pair of boots of Impressiveness (worn) {rF++ Int-3}
   (You found it on level 12 of the Dungeon)

   It affects your intelligence (-3).
   It greatly protects you from fire.
 P - a +2 robe of fire resistance {rF+}
 Q - +0 swamp dragon scales (worn)
Magical Staves
 h - an uncursed staff of conjuration {!a}
 T - an uncursed staff of wizardry {wiz+, !a}
Jewellery
 s - a ring of magical power (right hand) {MP+9}
 E - a +4 ring of protection (left hand)
 M - an uncursed ring of protection from magic
 R - an amulet of regeneration (around neck)
 S - an uncursed ring of flight
Wands
 d - a wand of disintegration (39)
 y - a wand of paralysis (25)
 D - a wand of digging (23)
 G - a wand of flame (14)
 I - a wand of clouds (3)
 J - a wand of enslavement (41)
 V - a wand of iceblast (12)
 W - a wand of polymorph (6)
Scrolls
 e - 6 scrolls of fear
 f - 3 scrolls of fog
 g - a scroll of holy word {unknown}
 i - 2 scrolls of identify
 k - 4 scrolls of remove curse
 p - 3 scrolls of magic mapping {!r}
 r - 2 scrolls of immolation {!r}
 t - 4 scrolls of teleportation
 u - 3 scrolls of amnesia
 N - a scroll of enchant armour
Potions
 j - 4 potions of heal wounds
 l - 3 potions of magic
 m - 5 potions of brilliance
 q - 6 potions of haste
 v - 4 potions of agility
 A - 2 potions of ambrosia
 B - a potion of cancellation {unknown}
 K - 11 potions of curing
 U - a potion of resistance
 Y - 2 potions of flight
Miscellaneous
 n - a lightning rod (4/4)
 Z - a crystal ball of energy
Comestibles
 c - 30 rations


   Skills:
 - Level 9.4 Fighting
   Level 2.1 Short Blades
 * Level 11.5 Maces & Flails
 - Level 5.0 Armour
 - Level 10.0 Dodging
 - Level 2.4 Stealth
 + Level 11.1 Spellcasting
 - Level 11.9 Conjurations
 - Level 2.5 Summonings
 - Level 12.8 Fire Magic
 - Level 2.2 Air Magic
 + Level 7.2 Poison Magic
 - Level 3.0 Evocations


You had 3 spell levels left.
You knew the following spells:

 Your Spells              Type           Power        Failure   Level  Hunger
a - Flame Tongue          Conj/Fire      #####        1%          1    None
b - Shock                 Conj/Air       ####         1%          1    None
c - Conjure Flame         Conj/Fire      ######..     1%          3    None
d - Ignite Poison         Fire/Tmut/Pois #####...     1%          3    None
e - Swiftness             Chrm/Air       ###.....     16%         2    None
f - Fireball              Conj/Fire      ######....   1%          5    ####...
g - Summon Lightning Spi  Summ/Air       ###.....     52%         4    #......
h - Poisonous Vapours     Pois/Air       ####..       3%          2    None
i - Bolt of Magma         Conj/Fire/Erth #####.....   4%          5    ####...
s - Sticky Flame          Conj/Fire      ######..     1%          4    #......
x - Mephitic Cloud        Conj/Pois/Air  #####...     1%          3    None

Your spell library contained the following spells:

 Spells                   Type           Power        Failure   Level  Hunger
 Poison Arrow             Conj/Pois      ######....   13%         6    ######.
 Throw Flame              Conj/Fire      ######       1%          2    None
 Throw Frost              Conj/Ice       #####.       1%          2    None
 Dazzling Spray           Conj/Hex       #####.       1%          3    None
 Inner Flame              Hex/Fire       #####...     1%          3    None
 Static Discharge         Conj/Air       #####...     1%          3    None
 Freeze                   Ice            ##..         4%          1    None
 Summon Small Mammal      Summ           ###.         6%          1    None
 Call Imp                 Summ           ###.....     9%          2    None
 Spider Form              Tmut/Pois      ####......   11%         3    None
 Animate Skeleton         Necr           N/A          16%         1    None
 Apportation              Tloc           ##....       16%         1    None
 Beastly Appendage        Tmut           ##....       16%         1    None
 Confusing Touch          Hex            ##....       16%         1    None
 Corona                   Hex            ##.....      16%         1    None
 Call Canine Familiar     Summ           ###.....     17%         3    None
 Ensorcelled Hibernation  Hex/Ice        ##....       24%         2    None
 Sticks to Snakes         Tmut           ##......     24%         2    None
 Summon Guardian Golem    Hex/Summ       ###.....     28%         3    None
 Confuse                  Hex            ##......     43%         3    None
 Ozocubu's Armour         Chrm/Ice       ##......     43%         3    None
 Tukima's Dance           Hex            ##......     43%         3    None
 Throw Icicle             Conj/Ice       #####...     4%          4    #......
 Lightning Bolt           Conj/Air       #####.....   7%          5    ####...
 Airstrike                Air            ###.......   17%         4    #......
 Summon Ice Beast         Ice/Summ       ###.....     67%         4    #......
 Ice Form                 Ice/Tmut       ##......     85%         4    #......
 Blade Hands              Tmut           ##........   99%         5    ####...


Dungeon Overview and Level Annotations

Branches:
Dungeon (15/15)            Temple (1/1) D:7            Lair (6/6) D:9
  Swamp (1/4) Lair:2       Spider (0/4) Lair:3        Slime (0/5) Lair:5
    Orc (2/2) D:11            Elf (0/3) Orc:2        Vaults (0/5) D:13
 Depths: D:15

Altars:
Ashenzari
Cheibriados
Dithmenos
Elyvilon
Fedhas
Gozag
Hepliaklqana
Kikubaaqudgha
Makhleb
Nemelex Xobeh
Okawaru
Qazlal
Ru
Sif Muna
Trog
Uskayaw
Vehumet
Wu Jian
Xom
Yredelemnul
Zin
The Shining One
Beogh
Jiyva

Shops:
D:6 *   D:7 *=   D:12 =   Orc:2 !*:[

Annotations:
D:9 Maurice
D:13 3 runed doors, heinrich's ghost, journeyman TrMo
Lair:5 1 runed door
Orc:2 exclusion: upstairs


Message History

The acid corrodes you!
You are splashed with acid!
The acid burns!
* * * LOW HITPOINT WARNING * * *
You take 11 damage, and have 11/91 hp.
You hit the brown very ugly thing but do no damage.
Lightning courses through the brown very ugly thing!
You hit the brown very ugly thing but do no damage.
The brown very ugly thing burns!
The insubstantial wisp is engulfed in blazing flames.
The insubstantial wisp hits your swamp worm!
Your swamp worm dies!
The brown very ugly thing tentacle-slaps you but does no damage.
You hit the brown very ugly thing but do no damage.
Aim: a brown very ugly thing (severely wounded, covered in liquid flames)
The sticky flame hits the brown very ugly thing.
The brown very ugly thing is covered in liquid flames!
* * * LOW MAGIC WARNING * * *
The brown very ugly thing burns!
The insubstantial wisp is engulfed in blazing flames.
The brown very ugly thing tentacle-slaps you!
You die...

♣≈≈♣♣♣♣♣ ♣..
♣♣♣♣♣♣♣♣♣....≈♣♣♣♣♣.≈
♣♣......♣...≈≈..≈....≈
♣.≈≈≈≈≈.≈..≈≈≈.♣♣.≈≈≈.
♣.≈≈≈≈≈.§.≈≈≈≈.♣♣...♣.
♣.≈≈≈.♣♣..≈≈≈≈.♣♣♣♣♣♣.
♣....≈♣♣♣♣....♣♣♣.....
♣♣♣♣♣≈♣♣♣♣♣♣♣♣≈≈≈.≈≈≈.
♣≈@..♣ ♣...≈≈≈≈.
♣♣uv.♣ ♣♣♣.≈♣≈♣(
♣♣♣§≈♣♣♣ ♣♣.≈≈≈≈≈≈
♣♣≈.v..≈♣ ♣...≈♣♣≈♣
♣≈..≈≈≈.♣ ♣♣♣..≈≈≈≈≈≈
♣.≈≈≈≈≈.♣♣♣......♣≈v≈
♣.!≈≈.§♣♣♣.......≈♣≈
♣≈≈≈≈≈...wuv......§♣ ♣
♣.≈≈≈≈.≈≈≈≈.≈♣......≈≈


You could see a brown very ugly thing (burning) and 2 insubstantial wisps.

Vault maps used:
D:1:      dpeg_arrival_chambers_temple_mockup
D:2:      serial_bayou_pond_a, kennysheep_generic_room_14
D:3:      kiku_gazebo_garden_becter, nicolae_ru_the_path_less_chosen,
          serial_bayou_pond_d
D:4:      overflow_temple_1_default, first_ration, uniq_robin
D:5:      amethyst_overflow_temple_binary, basic_altar, minmay_joined_circles
D:6:      nicolae_tso_besieged_by_evil, nicolae_gozag_zags_fifth_avenue
D:7:      kennysheep_mini_moat, temple_green, serial_shops, shop,
          nicolae_shop_trees, the_bakery, due_unseen_surprise, uniq_pikel,
          uniq_crazy_yiuf_cottage, uniq_prince_ribbit1
D:8:      sword_in_stone
D:9:      overflow_temple_1_default, lemuel_zombie_altar_yredelemnul,
          lair_entry_dummy, uniq_erolcha, uniq_maurice
D:10:     uniq_erica, uniq_psyche, uniq_urug, uniq_fannar
D:11:     orc_0_dummy, minmay_holes, fedhas_altar_3
D:12:     serial_shops, shop, maelrawn_ghost_labyrinth_escape,
          serial_bayou_lake_a
D:13:     hangedman_vaults_entry_quadrant_bands, gammafunk_ghost_spectres,
          minmay_misc_feat_ornament
D:14:     uniq_kirke
D:15:     grunt_enter_depths_giant_problem, solitary_fountain,
          eino_house_with_fridge
Temple:   minmay_temple_forest_path
Lair:1:   serial_bayou_lagoon_b
Lair:2:   minmay_swamp_entry_worms, serial_bayou, serial_bayou_pond_a,
          serial_bayou_pond_d, serial_bayou_shore_b, serial_bayou_shore_b,
          grunt_forest_stairs_basic
Lair:3:   dummy_spider_entry, grunt_megastairs_3, uniq_snorg
Lair:4:   grunt_megastairs_5
Lair:5:   slime_altar_2, basic_altar
Lair:6:   gammafunk_lair_ancient_temple, basic_altar, lemuel_fruit_tree,
          infiniplex_staircase_pool
Swamp:1:  wheals_swamp_sinkhole, swamp_pool3, uniq_frances
Orc:1:    basic_altar, elf_legates
Orc:2:    st_orc_elflike, basic_altar

Notes
Turn   | Place    | Note
-------+----------+-------------------------------------------
     0 | D:1      | varaam the Deep Elf Fire Elementalist began the quest for
                  | the Orb.
     0 | D:1      | Reached XP level 1. HP: 10/10 MP: 6/6
    55 | D:1      | Identified a +0 short sword (You took it off a kobold on
                  | level 1 of the Dungeon)
   119 | D:1      | Reached XP level 2. HP: 11/15 MP: 4/8
   989 | D:2      | Reached skill level 4 in Fire Magic
  1097 | D:2      | Reached XP level 3. HP: 19/19 MP: 8/10
  1118 | D:2      | Learned a level 3 spell: Conjure Flame
  1484 | D:2      | Reached skill level 2 in Conjurations
  2274 | D:3      | Identified 8 scrolls of identify
  2274 | D:3      | Identified 3 potions of curing
  2275 | D:3      | Identified 3 scrolls of remove curse
  2276 | D:3      | Identified 2 scrolls of magic mapping
  2277 | D:3      | Identified 2 potions of magic
  2278 | D:3      | Identified a potion of degeneration
  2279 | D:3      | Identified a potion of brilliance
  2280 | D:3      | Identified a potion of heal wounds
  2281 | D:3      | Identified a scroll of enchant armour
  2383 | D:3      | Found a sacrificial altar of Ru.
  2502 | D:3      | Reached XP level 4. HP: 24/24 MP: 8/11
  2610 | D:3      | Found an ancient bone altar of Kikubaaqudgha.
  3230 | D:3      | Reached skill level 4 in Spellcasting
  3329 | D:4      | Reached skill level 5 in Fire Magic
  3365 | D:4      | Learned a level 4 spell: Sticky Flame
  3624 | D:4      | Reached XP level 5. HP: 28/28 MP: 11/13
  3661 | D:4      | Noticed an ogre
  3667 | D:4      | Killed an ogre
  3667 | D:4      | Reached skill level 3 in Conjurations
  4337 | D:4      | Found a radiant altar of Vehumet.
  4345 | D:4      | Noticed Robin
  4350 | D:4      | Became a worshipper of Vehumet
  4353 | D:4      | Killed Robin
  4360 | D:4      | Reached XP level 6. HP: 32/32 MP: 5/15
  4486 | D:4      | Identified a +1 dagger of venom (You took it off a goblin
                  | on level 4 of the Dungeon)
  4661 | D:5      | Entered Level 5 of the Dungeon
  4795 | D:5      | Noticed a sky beast
  4809 | D:5      | Killed a sky beast
  4809 | D:5      | Reached skill level 5 in Spellcasting
  4809 | D:5      | Reached skill level 6 in Fire Magic
  4816 | D:5      | Learned a level 5 spell: Fireball
  5165 | D:5      | Found an ancient bone altar of Kikubaaqudgha.
  5342 | D:5      | Reached skill level 4 in Conjurations
  5342 | D:5      | Reached XP level 7. HP: 36/36 MP: 13/17
  5418 | D:5      | Identified a +2 helmet of see invisible (You took it off
                  | Robin on level 4 of the Dungeon)
  5423 | D:5      | Identified a +2 pair of gloves (You found it on level 5 of
                  | the Dungeon)
  5423 | D:5      | Identified a ring of see invisible (You found it on level 5
                  | of the Dungeon)
  5663 | D:5      | Identified a ring of magical power (You found it on level 5
                  | of the Dungeon)
  5670 | D:5      | Found a stormy altar of Qazlal.
  5670 | D:5      | Found a shimmering altar of Xom.
  5982 | D:6      | Reached skill level 7 in Fire Magic
  5990 | D:6      | Reached * piety under Vehumet
  5990 | D:6      | Offered knowledge of Shock by Vehumet.
  6121 | D:6      | Reached skill level 6 in Spellcasting
  6226 | D:6      | Reached skill level 5 in Conjurations
  6233 | D:6      | Learned a level 1 spell: Shock
  6376 | D:6      | Found a glowing golden altar of the Shining One.
  6555 | D:6      | Found an opulent altar of Gozag.
  6556 | D:6      | Found Gozag's Platinum Reserve.
  6591 | D:6      | Reached XP level 8. HP: 41/41 MP: 19/19
  6811 | D:6      | Identified 2 scrolls of immolation
  6812 | D:6      | Identified 4 scrolls of blinking
  6813 | D:6      | Identified 4 scrolls of random uselessness
  6814 | D:6      | Identified 2 scrolls of noise
  6815 | D:6      | Identified 3 potions of haste
  6816 | D:6      | Identified 2 potions of agility
  6817 | D:6      | Identified 2 scrolls of amnesia
  6952 | D:7      | Noticed Pikel
  7020 | D:7      | Found Piacuk Ysowk's General Store.
  7141 | D:7      | Reached skill level 8 in Fire Magic
  7358 | D:7      | Reached skill level 6 in Conjurations
  7534 | D:7      | Killed Pikel
  7534 | D:7      | Reached skill level 1 in Fighting
  7534 | D:7      | Reached skill level 3 in Dodging
  7534 | D:7      | Reached skill level 7 in Spellcasting
  7538 | D:7      | Identified a +1 whip of electrocution (You took it off
                  | Pikel on level 7 of the Dungeon)
  7610 | D:7      | Noticed a hippogriff
  7697 | D:7      | Found a staircase to the Ecumenical Temple.
  7710 | Temple   | Entered the Ecumenical Temple
  8230 | D:7      | Offered knowledge of Searing Ray by Vehumet.
  8422 | D:7      | Found Saicav's Jewellery Boutique.
  8477 | D:7      | Noticed Prince Ribbit
  8489 | D:7      | Killed Prince Ribbit
  8489 | D:7      | Reached skill level 7 in Conjurations
  8489 | D:7      | Reached skill level 9 in Fire Magic
  8489 | D:7      | Reached XP level 9. HP: 35/48 MP: 22/22
  8576 | D:7      | Found a sparkling altar of Nemelex Xobeh.
  8602 | D:7      | Reached ** piety under Vehumet
  8602 | D:7      | Reached skill level 2 in Fighting
  8602 | D:7      | Reached skill level 4 in Dodging
  8629 | D:7      | Identified a +2 whip of electrocution (You found it on
                  | level 7 of the Dungeon)
  8630 | D:7      | Identified a cursed -1 hunting sling (You took it off a
                  | goblin on level 3 of the Dungeon)
  8725 | D:7      | Reached skill level 1 in Maces & Flails
  9005 | D:7      | Found a runed door.
  9466 | D:8      | Reached skill level 8 in Spellcasting
  9702 | D:8      | Reached skill level 8 in Conjurations
  9705 | D:8      | Identified an amulet of guardian spirit (You found it on
                  | level 8 of the Dungeon)
 10181 | D:8      | Identified an amulet of the acrobat (You found it on level
                  | 8 of the Dungeon)
 10183 | D:8      | Identified an amulet of rage (You found it on level 8 of
                  | the Dungeon)
 10369 | D:9      | Noticed a troll
 10377 | D:9      | HP: 1/49 [troll (15)]
 10380 | D:9      | Killed a troll
 10380 | D:9      | Identified a +0 troll leather armour
 10380 | D:9      | Reached skill level 2 in Maces & Flails
 10380 | D:9      | Reached skill level 5 in Dodging
 10491 | D:9      | Identified a ring of teleportation (You found it on level 9
                  | of the Dungeon)
 10511 | D:9      | Identified a +1 demon trident of electrocution (You found
                  | it on level 9 of the Dungeon)
 10565 | D:9      | Noticed Maurice
 10688 | D:8      | Paralysed by you for 7 turns
 10795 | D:9      | Reached skill level 10 in Fire Magic
 10811 | D:9      | Reached skill level 3 in Fighting
 10848 | D:9      | Offered knowledge of Mephitic Cloud by Vehumet.
 10853 | D:9      | Learned a level 3 spell: Mephitic Cloud
 10915 | D:9      | Reached XP level 10. HP: 56/56 MP: 24/24
 11083 | D:9      | Got a slimy rapier
 11084 | D:9      | Identified the +4 rapier "Laton" {drain, *Drain rC+ MR+
                  | Str+4} (You found it on level 9 of the Dungeon)
 11266 | D:9      | Found a staircase to the Lair.
 11301 | D:9      | Found an iron altar of Okawaru.
 11330 | D:9      | Noticed Erolcha
 11355 | D:9      | Killed Erolcha
 11355 | D:9      | Reached skill level 1 in Short Blades
 11355 | D:9      | Reached skill level 9 in Conjurations
 11601 | D:9      | Reached *** piety under Vehumet
 11711 | D:9      | Found a basalt altar of Yredelemnul.
 11739 | D:10     | Entered Level 10 of the Dungeon
 11896 | D:8      | Identified a +1 triple sword of holy wrath (You found it on
                  | level 8 of the Dungeon)
 11995 | D:7      | Identified a +2 robe of fire resistance (You found it on
                  | level 7 of the Dungeon)
 12128 | D:7      | Noticed Crazy Yiuf
 12130 | D:7      | Killed Crazy Yiuf
 12251 | D:10     | Noticed Urug
 12268 | D:10     | Killed Urug
 12268 | D:10     | Reached skill level 2 in Short Blades
 12268 | D:10     | Reached skill level 6 in Dodging
 12268 | D:10     | Reached skill level 1 in Evocations
 12274 | D:10     | Identified a +3 eveningstar (You took it off Urug on level
                  | 10 of the Dungeon)
 12620 | D:10     | Offered knowledge of Ignite Poison by Vehumet.
 12632 | D:10     | Reached skill level 11 in Fire Magic
 12746 | D:10     | Reached skill level 2 in Evocations
 12760 | D:10     | Reached skill level 4 in Fighting
 12767 | D:10     | Reached XP level 11. HP: 26/61 MP: 15/25
 12995 | D:10     | Reached skill level 10 in Conjurations
 13212 | D:10     | Noticed Psyche
 13226 | D:10     | Noticed Fannar
 13235 | D:10     | HP: 14/61 [Fannar/bolt of cold (35)]
 13540 | D:11     | Reached **** piety under Vehumet
 13661 | D:11     | Got a smoking hunting sling
 13671 | D:11     | Found a blossoming altar of Fedhas.
 13689 | D:10     | Learned a level 3 spell: Ignite Poison
 13713 | D:10     | Killed Fannar
 13713 | D:10     | Reached skill level 3 in Maces & Flails
 13751 | D:10     | Offered knowledge of Throw Icicle by Vehumet.
 13769 | D:10     | Killed Psyche
 13769 | D:10     | Reached skill level 7 in Dodging
 13769 | D:10     | Reached skill level 3 in Evocations
 13773 | D:10     | Learned a level 2 spell: Swiftness
 13976 | D:10     | Identified 2 scrolls of fear
 13977 | D:10     | Identified a ring of intelligence (You took it off a
                  | centaur on level 9 of the Dungeon)
 13984 | D:10     | Identified a +0 cloak (You took it off Crazy Yiuf on level
                  | 7 of the Dungeon)
 14215 | D:10     | Noticed Erica
 14225 | D:10     | Killed Erica
 14231 | D:10     | Identified a +1 scimitar of flaming (You took it off Erica
                  | on level 10 of the Dungeon)
 14405 | Lair:1   | Entered Level 1 of the Lair of Beasts
 14777 | Lair:1   | Identified the +3 hunting sling of Ytooh {flame, *Corrode
                  | rElec Str+3} (You found it on level 11 of the Dungeon)
 15001 | Lair:1   | Got a smoking quarterstaff
 15096 | Lair:1   | Identified the +6 quarterstaff of Blind Justice {antimagic,
                  | *Slow rElec rPois rF+} (You found it on level 1 of the Lair
                  | of Beasts)
 15414 | Lair:2   | Reached skill level 5 in Fighting
 15460 | Lair:2   | Found a staircase to the Swamp.
 15730 | Lair:2   | Reached skill level 12 in Fire Magic
 15921 | Lair:2   | Noticed an eight-headed hydra
 15922 | Lair:2   | Reached skill level 11 in Conjurations
 15924 | Lair:2   | Killed an eight-headed hydra
 16593 | Lair:3   | Reached XP level 12. HP: 68/68 MP: 26/26
 16661 | Lair:3   | Reached ***** piety under Vehumet
 16661 | Lair:3   | Offered knowledge of Iskenderun's Mystic Blast by Vehumet.
 16661 | Lair:3   | Reached skill level 1 in Armour
 16901 | Lair:3   | Identified 5 scrolls of teleportation
 16902 | Lair:3   | Identified 2 potions of lignification
 16903 | Lair:3   | Identified a scroll of fog
 16904 | Lair:3   | Identified a scroll of torment
 16905 | Lair:3   | Identified 2 potions of flight
 16920 | Lair:3   | Found a hole to the Spider Nest.
 16927 | Lair:3   | Identified a ring of protection from magic (You found it on
                  | level 3 of the Lair of Beasts)
 17389 | Lair:3   | Noticed Snorg
 17391 | Lair:3   | Noticed Snorg
 17391 | Lair:3   | Snorg changed into Snorg the eye of draining
 17398 | Lair:3   | Killed Snorg the eye of draining
 17398 | Lair:3   | Identified a +2 troll leather armour {Snorg}
 17401 | Lair:3   | Upgraded the game from 0.23-a0-290-g290e36d to
                  | 0.23-a0-295-g2e428d4
 17466 | Lair:3   | Identified an amulet of regeneration (You found it on level
                  | 3 of the Lair of Beasts)
 17632 | Lair:3   | Got a polished flail
 17902 | Lair:4   | Reached skill level 8 in Dodging
 17913 | Lair:4   | Noticed a six-headed hydra
 18104 | Lair:4   | Killed a six-headed hydra
 18104 | Lair:4   | Reached skill level 6 in Fighting
 18104 | Lair:4   | Reached skill level 4 in Maces & Flails
 18106 | Lair:4   | Noticed a four-headed hydra
 18115 | Lair:4   | Killed a four-headed hydra
 18115 | Lair:4   | Reached skill level 9 in Spellcasting
 18542 | Lair:4   | Identified an amulet of inaccuracy (You found it on level 4
                  | of the Lair of Beasts)
 18753 | Lair:4   | Reached skill level 2 in Armour
 18879 | Lair:4   | Identified the cursed +2 flail "Igoumeuf" {speed, MR+} (You
                  | found it on level 3 of the Lair of Beasts)
 18911 | Lair:5   | Noticed a six-headed hydra
 18919 | Lair:5   | Found a hide-covered altar of Uskayaw.
 19047 | Lair:5   | Killed a six-headed hydra
 19319 | Lair:5   | Reached skill level 7 in Fighting
 19360 | Lair:5   | Reached skill level 3 in Armour
 19510 | Lair:5   | Found a runed door.
 19755 | Lair:5   | Noticed a four-headed hydra
 19758 | Lair:5   | Noticed a death yak
 19759 | Lair:5   | Killed a four-headed hydra
 19759 | Lair:5   | Noticed a death yak
 19774 | Lair:5   | Found a viscous altar of Jiyva.
 19774 | Lair:5   | Found a staircase to the Slime Pits.
 19774 | Lair:5   | Noticed an azure jelly
 19774 | Lair:5   | Noticed an azure jelly
 19790 | Lair:6   | Entered Level 6 of the Lair of Beasts
 19870 | Lair:5   | Noticed a death yak
 19938 | Lair:5   | Killed a death yak
 19996 | Lair:5   | Killed a death yak
 19996 | Lair:5   | Reached skill level 5 in Maces & Flails
 20514 | Lair:6   | Noticed a death yak
 20514 | Lair:6   | Noticed a death yak
 20516 | Lair:6   | Noticed a death yak
 20517 | Lair:6   | Noticed a death yak
 20518 | Lair:6   | Noticed a death yak
 20540 | Lair:5   | Identified a potion of ambrosia
 20541 | Lair:5   | Identified 2 potions of mutation
 20751 | Lair:5   | Reached XP level 13. HP: 72/78 MP: 28/28
 20790 | Lair:6   | Reached skill level 8 in Fighting
 20790 | Lair:6   | Reached skill level 4 in Armour
 21143 | Lair:6   | Noticed a dire elephant
 21380 | Lair:6   | Reached skill level 9 in Fighting
 21432 | Lair:6   | Reached skill level 5 in Armour
 21447 | Lair:6   | Reached skill level 6 in Maces & Flails
 21777 | Lair:5   | Reached skill level 7 in Maces & Flails
 22284 | Lair:6   | Reached skill level 8 in Maces & Flails
 22289 | Lair:6   | HP: 9/80 [crocodile (14)]
 22465 | Lair:6   | Killed a dire elephant
 22597 | Lair:6   | Offered knowledge of Bolt of Cold by Vehumet.
 22818 | Lair:6   | Identified a potion of resistance
 23016 | Lair:6   | Reached skill level 9 in Dodging
 23016 | Lair:6   | Reached XP level 14. HP: 86/86 MP: 17/29
 23033 | Lair:6   | Got a bloodstained longbow
 23126 | Lair:6   | Found a glowing golden altar of the Shining One.
 23147 | Lair:6   | Got a scorched leather armour
 23286 | Lair:6   | Identified the cursed +0 leather armour of Masochism {MR+
                  | Str+2} (You found it on level 6 of the Lair of Beasts)
 23888 | D:11     | Learned a level 4 spell: Summon Lightning Spire
 23889 | D:11     | Found a staircase to the Orcish Mines.
 24250 | D:12     | HP: 14/86 [cyan ugly thing (14)]
 24251 | D:12     | Reached skill level 1 in Summonings
 24251 | D:12     | Reached skill level 1 in Air Magic
 24583 | D:12     | Found a runed gate.
 24584 | D:12     | Found a runed gate.
 24586 | D:12     | Found a runed gate.
 24586 | D:12     | Noticed Arum's ghost (journeyman DsGl)
 24646 | D:12     | Found Ymaluim's Jewellery Boutique.
 24651 | D:12     | Bought a +4 ring of protection for 612 gold pieces
 25018 | Orc:1    | Entered Level 1 of the Orcish Mines
 25126 | Orc:1    | Found a roughly hewn altar of Beogh.
 25241 | Orc:2    | Entered Level 2 of the Orcish Mines
 25241 | Orc:2    | Found a roughly hewn altar of Beogh.
 25767 | Orc:2    | Found a staircase to the Elven Halls.
 26305 | Orc:2    | Identified a +0 troll leather armour
 26472 | Orc:1    | Noticed an orc warlord
 26578 | Orc:2    | Offered knowledge of Orb of Destruction by Vehumet.
 27129 | Orc:2    | Found Osil's Assorted Antiques.
 27138 | Orc:2    | Reached skill level 2 in Summonings
 27147 | Orc:2    | Reached skill level 2 in Air Magic
 27168 | Orc:2    | Reached skill level 10 in Dodging
 27233 | Orc:1    | Reached skill level 9 in Maces & Flails
 27787 | Orc:2    | Found Qeutij's Distillery.
 27788 | Orc:2    | Found Cukk's Antique Armour Shoppe.
 27788 | Orc:2    | Found Fydelir's Book Shoppe.
 27814 | Orc:2    | Bought a short lead wand for 88 gold pieces
 27814 | Orc:2    | Bought an inconspicuous book for 330 gold pieces
 27830 | Orc:2    | Learned a level 2 spell: Poisonous Vapours
 27930 | Orc:2    | Identified a +0 troll leather armour
 28034 | Orc:1    | Identified a +0 troll leather armour
 28040 | Orc:1    | Reached skill level 1 in Poison Magic
 28568 | Orc:1    | Noticed an emperor scorpion
 28568 | Orc:1    | an orc warlord changed into an emperor scorpion
 28582 | Orc:1    | Killed an emperor scorpion
 28582 | Orc:1    | Reached skill level 10 in Spellcasting
 28826 | D:12     | Reached skill level 2 in Poison Magic
 29267 | D:12     | Identified a +2 robe of magic resistance (You found it on
                  | level 13 of the Dungeon)
 29474 | D:13     | Reached skill level 3 in Poison Magic
 29588 | D:13     | Offered knowledge of Bolt of Magma by Vehumet.
 29601 | D:13     | Learned a level 5 spell: Bolt of Magma
 29891 | D:13     | Identified a +0 troll leather armour
 30359 | D:13     | Reached skill level 10 in Maces & Flails
 30415 | D:13     | Reached XP level 15. HP: 90/91 MP: 31/31
 30514 | D:13     | Reached skill level 4 in Poison Magic
 30644 | D:13     | Killed Arum's ghost
 31166 | D:13     | Found a gate to the Vaults.
 31552 | D:13     | Found a runed gate.
 31552 | D:13     | Found a runed gate.
 31552 | D:13     | Found a runed gate.
 31558 | D:13     | Noticed heinrich's ghost (journeyman TrMo)
 31685 | D:12     | Reached skill level 5 in Poison Magic
 31792 | D:12     | Got a pair of polished boots
 31798 | D:12     | Identified the +2 pair of boots of Impressiveness {rF++
                  | Int-3} (You found it on level 12 of the Dungeon)
 31878 | D:14     | Noticed Kirke
 32383 | D:14     | Killed Kirke
 32644 | D:14     | Identified a ring of attention (You found it on level 13 of
                  | the Dungeon)
 32648 | D:14     | Identified a ring of flight (You found it on level 14 of
                  | the Dungeon)
 32981 | D:14     | Reached skill level 6 in Poison Magic
 33169 | D:15     | Entered Level 15 of the Dungeon
 33358 | D:15     | Reached skill level 11 in Maces & Flails
 33361 | D:15     | Offered knowledge of Poison Arrow by Vehumet.
 33911 | Swamp:1  | Entered Level 1 of the Swamp
 34046 | Swamp:1  | Noticed Frances
 34211 | Swamp:1  | Killed Frances
 34469 | Swamp:1  | Identified +0 swamp dragon scales
 34646 | Swamp:1  | Reached skill level 7 in Poison Magic
 34657 | Swamp:1  | Reached skill level 11 in Spellcasting
 34689 | Swamp:1  | HP: 20/91 [shambling mangrove (14)]
 34999 | Swamp:1  | HP: 21/91 [swamp worm (17)]
 35004 | Swamp:1  | HP: 17/91 [brown very ugly thing (6)]
 35008 | Swamp:1  | Slain by a brown very ugly thing

Table legend:
 A = Turns spent in this place as a percentage of turns spent in the entire game.
 B = Non-inter-level travel turns spent in this place as a percentage of non-inter-level travel turns spent in the entire game.
 C = Inter-level travel turns spent in this place as a percentage of turns spent in this place.
 D = Turns resting spent in this place as a percentage of non-inter-level travel turns spent in this place.
 E = Turns spent auto-exploring this place as a percentage of non-inter-level travel turns spent in this place.
 F = Non-inter-level travel turns spent in this place divided by the number of levels of this place that you've seen.
                   A       B       C       D       E      F
               +-------+-------+-------+-------+-------+----------------------
         Total | 100.0 | 100.0 |   5.4 |  10.8 |  63.2 | 1324.4
       Dungeon |  59.3 |  59.0 |   5.9 |   8.3 |  68.1 | 1301.9
        Temple |   1.1 |   1.1 |   8.2 |   0.0 |  99.4 | 357.0
          Lair |  26.7 |  26.9 |   4.8 |  13.2 |  60.6 | 1484.3
         Swamp |   2.1 |   2.2 |   0.0 |  19.4 |  44.7 | 718.0
  Orcish Mines |  10.8 |  10.9 |   4.7 |  18.1 |  42.8 | 1800.0
               +-------+-------+-------+-------+-------+----------------------

Table legend:
 A = Kills in this place as a percentage of kills in entire the game.
 B = Kills by you in this place as a percentage of kills by you in the entire game.
 C = Kills by friends in this place as a percentage of kills by friends in the entire game.
 D = Other kills in this place as a percentage of other kills in the entire game.
 E = Experience gained in this place as a percentage of experience gained in the entire game.
 F = Experience gained in this place divided by the number of levels of this place that you have seen.
                   A       B       C       D       E      F
               +-------+-------+-------+-------+-------+----------------------
         Total | 100.0 | 100.0 |   N/A | 100.0 | 100.0 | 5596.0
       Dungeon |  57.1 |  57.2 |   N/A |  33.3 |  40.9 | 3818.5
          Lair |  24.5 |  24.6 |   N/A |   0.0 |  37.0 | 8619.7
         Swamp |   3.6 |   3.5 |   N/A |  33.3 |   6.6 | 9223.0
  Orcish Mines |  14.7 |  14.6 |   N/A |  33.3 |  15.5 | 10841.0
               +-------+-------+-------+-------+-------+----------------------

Skill      XL: |  1  2  3  4  5  6  7  8  9 10 11 12 13 14 15 |
---------------+----------------------------------------------+-----
Fire Magic     | 4 5 6 7 9 10 11 12 | 12.8
Conjurations   | 2 3 4 5 7 8 9 11 | 11.9
Spellcasting   | 4 5 6 7 8 9 10 11 | 11.1
Fighting       | 1 3 4 5 7 9 |  9.4
Dodging        | 3 5 6 7 8 9 10 | 10.0
Maces & Flails | 2 3 5 8 10 11 | 11.5
Short Blades   | 2 |  2.1
Evocations     | 2 3 |  3.0
Armour         | 3 5 |  5.0
Summonings     | 2 |  2.5
Air Magic      | 2 |  2.2
Poison Magic   | 3 7 |  7.2
Stealth        | |  2.4

Action                   |  1- 3 |  4- 6 |  7- 9 | 10-12 | 13-15 || total
-------------------------+-------+-------+-------+-------+-------++-------
Melee: Short sword       |     9 |       |       |       |       ||     9
       Dagger            |       |    13 |       |       |       ||    13
       Staff             |       |     1 |       |       |    12 ||    13
       Whip              |       |       |    33 |    70 |   343 ||   446
       Rapier            |       |       |       |    14 |       ||    14
       Demon trident     |       |       |       |     2 |       ||     2
Throw: Stone             |       |       |     2 |     5 |    15 ||    22
       Javelin           |       |       |       |       |     1 ||     1
 Cast: Flame Tongue      |    64 |    97 |   213 |   324 |   394 ||  1092
       Conjure Flame     |       |     2 |     4 |     2 |     7 ||    15
       Sticky Flame      |       |     6 |    30 |    99 |   204 ||   339
       Shock             |       |       |    16 |       |     6 ||    22
       Fireball          |       |       |     1 |    46 |   236 ||   283
       Mephitic Cloud    |       |       |       |     2 |    34 ||    36
       Swiftness         |       |       |       |     3 |     6 ||     9
       Ignite Poison     |       |       |       |       |    23 ||    23
       Poisonous Vapours |       |       |       |       |    17 ||    17
       Bolt of Magma     |       |       |       |       |    39 ||    39
       Summon Lightning  |       |       |       |       |     2 ||     2
Evoke: Wand              |       |       |     6 |    11 |    15 ||    32
       Crystal ball of e |       |       |       |     1 |     1 ||     2
       Lightning rod     |       |       |       |       |     4 ||     4
  Use: Scroll            |     8 |     1 |    10 |    14 |    11 ||    44
       Potion            |       |       |       |     1 |     5 ||     6
 Stab: Sleeping          |     3 |       |       |       |       ||     3
       Confused          |       |       |       |     1 |     5 ||     6
  Eat: Chunk             |     5 |     6 |    17 |    32 |    63 ||   123
       Ration            |       |     1 |     1 |     4 |    11 ||    17
Armor: Robe              |     5 |     5 |    27 |    44 |       ||    81
       Troll leather arm |       |       |    13 |    46 |   251 ||   310
       Swamp dragon scal |       |       |       |       |    34 ||    34
Dodge: Dodged            |    11 |    25 |   118 |   198 |   616 ||   968

Vanquished Creatures
  Frances (Swamp:1)
  Kirke (D:14)
  An emperor scorpion (Orc:1)
  A dire elephant (Lair:6)
  The ghost of Arum the Fighter, a journeyman DsGl of Makhleb (D:13)
  A minotaur (D:12)
  Erolcha (D:9)
  Fannar (D:10)
  A merfolk avatar (Lair:6)
  8 hydras
  A centaur warrior (D:13)
  Erica (D:10)
  5 two-headed ogres
  9 death yaks
  4 orc high priests
  3 tengu warriors
  Urug (D:10)
  A deep elf knight (D:13)
  A swamp dragon (Swamp:1)
  A sea snake (Lair:5)
  A deep elf archer (Orc:1)
  3 unseen horrors
  Pikel (D:7)
  A phantasmal warrior (D:15)
  6 deep elf magi
  8 orc knights
  6 cyclopes
  7 orc sorcerers
  3 ugly things
  5 slime creatures
  A manticore (Lair:6)
  4 black mambas
  3 elephants (Lair:6)
  15 spiny frogs
  Psyche (D:10)
  3 gargoyles
  A freezing wraith (D:15)
  4 rime drakes
  8 komodo dragons
  9 trolls
  A tyrant leech (Swamp:1)
  A wind drake (Lair:6)
  A hornet (Lair:6)
  5 polar bears
  Prince Ribbit (D:7)
  21 blink frogs
  8 hippogriffs
  3 bog bodies (Swamp:1)
  12 dream sheep (Lair:6)
  A meliai zombie (D:11)
  A shadow (D:14)
  A spriggan (D:7)
  A wraith (D:12)
  2 wyverns
  A hungry ghost (D:14)
  A water elemental (D:12)
  A human (D:14)
  42 yaks
  4 basilisks
  6 hogs
  17 vampire mosquitoes
  2 wargs (Orc:1)
  6 insubstantial wisps
  13 water moccasins
  A swamp worm (Swamp:1)
  A swamp drake (Swamp:1)
  2 porcupines (Lair:1)
  3 sky beasts
  5 ice beasts
  4 slaves (D:6)
  A black bear (D:6)
  31 orc warriors
  2 eyes of draining
  2 phantoms
  6 wolves
  A boggart (D:13)
  6 ogres
  20 centaurs
  12 crocodiles
  4 big kobolds
  13 bullfrogs
  A wyvern zombie (D:13)
  A gnoll sergeant (D:8)
  A scorpion (D:13)
  10 killer bees
  11 wights
  6 electric eels
  7 howler monkeys
  4 crimson imps
  5 centaur zombies
  A quasit (D:11)
  7 centaur skeletons
  3 hounds
  Crazy Yiuf (D:7)
  4 bullfrog skeletons
  14 orc priests
  26 orc wizards
  13 worker ants
  A killer bee zombie (D:9)
  A worker ant zombie (D:13)
  A howler monkey skeleton (D:8)
  Robin (D:4)
  3 gnolls
  10 adders
  6 shadow imps
  3 oozes
  3 adder skeletons
  4 adder zombies
  2 worms
  7 leopard geckos
  49 orcs
  2 ball pythons
  3 giant cockroaches
  2 gnoll zombies (D:9)
  21 goblins
  7 hobgoblins
  4 jackals (D:9)
  14 kobolds
  6 quokkas
  8 bats
  3 frilled lizards
  A goblin skeleton (D:6)
  4 hobgoblin zombies (D:6)
  2 jackal skeletons (D:5)
  A kobold skeleton (D:6)
  3 kobold zombies (D:6)
  A leopard gecko skeleton (D:5)
  An orc skeleton (D:6)
  An orc zombie (D:6)
  7 rats
  4 fungi
  A plant (D:12)
702 creatures vanquished.

Vanquished Creatures (others)
  A swamp worm (Swamp:1)
  6 fungi
  13 plants
20 creatures vanquished.

Grand Total: 722 creatures vanquished
